 Dungeon Sprint DCSS version 0.24.1-14-gf8d2b509d9 (webtiles) character file.

Game seed: 9159206470705680853, levelgen mode: deterministic

12362 sircluck the Imperceptible (level 11, -4/47 HPs)
             Began as a Spriggan Enchanter on Oct 14, 2023.
             Was the Champion of Dithmenos.
             Slain by a fire giant
             ... wielding a +1 great sword of flaming
              (5 damage)
             ... in the Dungeon (Sprint I: "Red Sonja").
             The game lasted 00:16:36 (1808 turns).

sircluck the Imperceptible (Spriggan Enchanter)     Turns: 1808, Time: 00:16:37

Health: -4/47      AC:  2    Str:  4    XL:     11   Next: 61%
Magic:  29/29      EV: 19    Int: 16    God:    Dithmenos [******]
Gold:   456        SH:  0    Dex: 21    Spells: 27/37 levels left

rFire    . . .     SeeInvis +   n - +0 dagger (distort)
rCold    . . .     Gourm    .   (shield restricted)
rNeg     + . .     Faith    .   b - +0 robe
rPois    .         Spirit   .   (helmet restricted)
rElec    .         Reflect  .   (no cloak)
rCorr    +         Harm     .   (gloves unavailable)
MR       +....     NoTele   +   (boots unavailable)
Stlth    ++++++++++             (no amulet)
HPRegen  0.15/turn              k - ring of resist corrosion
MPRegen  0.21/turn              p - ring of positive energy

@: very slightly contaminated, wreathed by umbra, invisible, very quick
A: very small, unfitting armour, see invisible, herbivore, speed 3, slow
metabolism 2
a: Shadow Step, Shadow Form, Renounce Religion


You were in the Dungeon.
You worshipped Dithmenos.
Dithmenos was exalted by your worship.
You were not hungry.

You visited 1 branch You collected 1663 gold pieces.
You spent 1207 gold pieces at shops.

Inventory:

Hand Weapons
 a - a +1 dagger
 n - a +0 dagger of distortion (weapon)
Missiles
 o - 6 curare-tipped darts (quivered)
Armour
 b - a +0 robe (worn)
 l - a +0 buckler
Jewellery
 k - a ring of resist corrosion (left hand)
 p - a ring of positive energy (right hand)
Wands
 c - a wand of flame (8)
 s - a wand of enslavement (8)
Scrolls
 i - a scroll of magic mapping {unknown}
 j - 3 scrolls of blinking
 q - a scroll of immolation {unknown}
 r - 2 scrolls of remove curse {unknown}
Potions
 e - a potion of curing
 f - a potion of heal wounds
 g - a potion of haste
 h - 2 potions of magic
 m - a potion of invisibility
Comestibles
 d - 2 rations


   Skills:
 + Level 12.3 Short Blades
 - Level 3.0 Dodging
 * Level 25.5 Stealth
 + Level 13.5 Spellcasting
 * Level 18.1 Hexes


You had 27 spell levels left.
You knew the following spells:

 Your Spells              Type           Power        Failure   Level  Hunger
a - Corona                Hex            ######.      0%          1    None
b - Ensorcelled Hibernat  Hex/Ice        #####.       1%          2    None
c - Confuse               Hex            ######..     0%          3    None
d - Blink                 Tloc           N/A          10%         2    None
e - Call Imp              Summ           ##......     10%         2    None

Your spell library contained the following spells:

 Spells                   Type           Power        Failure   Level  Hunger
 Slow                     Hex            ######..     0%          2    None
 Tukima's Dance           Hex            ######..     0%          3    None
 Dazzling Spray           Conj/Hex       #####.       1%          3    None
 Portal Projectile        Hex/Tloc       #####.       1%          3    None
 Magic Dart               Conj           ##..         6%          1    None
 Conjure Flame            Conj/Fire      ##......     19%         3    None
 Mephitic Cloud           Conj/Pois/Air  ##......     19%         3    None
 Iron Shot                Conj/Erth      ##........   100%        6    ######.


Dungeon Overview and Level Annotations

Branches:
Dungeon (1/1)

Altars:
Cheibriados
Dithmenos
Elyvilon
Fedhas
Gozag
Hepliaklqana
Kikubaaqudgha
Makhleb
Nemelex Xobeh
Okawaru
Qazlal
Ru
Sif Muna
Trog
Uskayaw
Vehumet
Wu Jian
Xom
Yredelemnul
Zin
The Shining One
Jiyva
Lugonu

Shops:
D (?=*:[:}%!(}[?[:


Innate Abilities, Weirdness & Mutations

You are very small and have problems with some larger weapons.
You are too small for most types of armour.
You have supernaturally acute eyesight. (SInv)
You are a herbivore.
You cover ground extremely quickly.
You need to consume almost no food.


Message History

You catch the helpless fire giant completely off-guard!
You stick the fire giant like a pincushion!!!
The fire giant looks slightly unstable.
The fire giant is severely wounded.
The fire giant hits you with a +1 great sword of flaming.
The fire giant burns you.
You hit the fire giant but do no damage.
Space bends around the fire giant.
The fire giant is severely wounded.
Your shadow hits the fire giant with a dagger.
You hit the fire giant.
Space warps horribly around the fire giant!
The fire giant is almost dead.
Your shadow hits the fire giant but does no damage.
You hit the fire giant but do no damage.
The fire giant is almost dead.
The fire giant hits you with a +1 great sword of flaming!
* * * LOW HITPOINT WARNING * * *
You emit a cloud of dark smoke.
The fire giant burns you.
You die...

##+#### #§##$$$# #
#§.###$# #
##§#A#$# ###
#.§###$# '.#
#.##..$# #.#
#..#+### #.#
##.§§# #§# ###§#
#.# #@# §§# #C#
#§# ####'# #§#
###....#
§§#$!/#####§..####
###(..C..§§§###
%CCC.##### ... .


You could see a fire giant.

Vanquished Creatures
  A hydra (D)
  2 centaur warriors (D)
  Sonja (D)
  7 unseen horrors (D)
  A deep troll (D)
  A lindwurm (D)
  An oklob plant (D)
  4 demonic crawlers (D)
  2 kobold demonologists (D)
  A hornet (D)
  A slime creature (D)
  Sigmund (D)
  2 redbacks (D)
  9 hogs (D)
  A yak (D)
  3 floating eyes (D)
  5 necrophages (D)
  An ogre (D)
  8 jellies (D)
  Ijyb (D)
53 creatures vanquished.

Vanquished Creatures (others)
  A gargoyle (D)
  A hog (D)
  A necrophage (D)
3 creatures vanquished.

Grand Total: 56 creatures vanquished

Notes
Turn   | Place    | Note
-------+----------+-------------------------------------------
     0 | D        | sircluck the Spriggan Enchanter began the quest for the
                  | Orb.
     0 | D        | Reached XP level 1. HP: 9/9 MP: 5/5
     2 | D        | Noticed Ijyb
    10 | D        | Killed Ijyb
    10 | D        | Reached skill level 10 in Stealth
    10 | D        | Reached XP level 2. HP: 4/13 MP: 6/6
   250 | D        | Noticed an ogre
   253 | D        | Killed an ogre
   253 | D        | Reached skill level 14 in Stealth
   253 | D        | Reached XP level 3. HP: 16/16 MP: 8/8
   253 | D        | Reached XP level 4. HP: 21/21 MP: 9/9
   257 | D        | Learned a level 2 spell: Ensorcelled Hibernation
   264 | D        | Noticed Sigmund
   267 | D        | Killed Sigmund
   267 | D        | Reached skill level 18 in Stealth
   267 | D        | Reached XP level 5. HP: 24/24 MP: 10/10
   267 | D        | Reached XP level 6. HP: 28/28 MP: 11/11
   273 | D        | Learned a level 3 spell: Confuse
   284 | D        | Found an ornate altar of the Wu Jian Council.
   284 | D        | Found a shimmering blue altar of Sif Muna.
   286 | D        | Found a radiant altar of Vehumet.
   326 | D        | Found Ivvux's Antique Weapon Emporium.
   326 | D        | Found an ancient bone altar of Kikubaaqudgha.
   326 | D        | Found a hazy altar of Hepliaklqana.
   326 | D        | Found a stormy altar of Qazlal.
   326 | D        | Found a hide-covered altar of Uskayaw.
   326 | D        | Found a blossoming altar of Fedhas.
   326 | D        | Found a bloodstained altar of Trog.
   326 | D        | Found an iron altar of Okawaru.
   326 | D        | Found a basalt altar of Yredelemnul.
   326 | D        | Found a glowing golden altar of the Shining One.
   326 | D        | Found a snail-covered altar of Cheibriados.
   326 | D        | Found a sacrificial altar of Ru.
   326 | D        | Found a glowing silver altar of Zin.
   326 | D        | Found a shadowy altar of Dithmenos.
   326 | D        | Found a white marble altar of Elyvilon.
   326 | D        | Noticed a yak
   327 | D        | Found an opulent altar of Gozag.
   328 | D        | Killed a yak
   329 | D        | Found a sparkling altar of Nemelex Xobeh.
   342 | D        | Became a worshipper of Dithmenos the Shadowed
   350 | D        | Noticed Sonja
   418 | D        | Killed Sonja
   418 | D        | Reached skill level 19 in Stealth
   418 | D        | Reached skill level 10 in Hexes
   418 | D        | Reached XP level 7. HP: 12/32 MP: 11/18
   626 | D        | Noticed a deep troll
   630 | D        | Killed a deep troll
   630 | D        | Reached XP level 8. HP: 36/36 MP: 19/21
   640 | D        | Found Iwinwiuw's Armour Emporium.
   666 | D        | Found a burning altar of Makhleb.
   666 | D        | Found a viscous altar of Jiyva.
   666 | D        | Found a shimmering altar of Xom.
   666 | D        | Found a corrupted altar of Lugonu.
   666 | D        | Noticed a slime creature
   669 | D        | Killed a slime creature
   669 | D        | Reached * piety under Dithmenos
   669 | D        | Reached skill level 20 in Stealth
   682 | D        | Noticed a kobold demonologist
   683 | D        | Noticed a kobold demonologist
   685 | D        | Killed a kobold demonologist
   686 | D        | Reached XP level 9. HP: 39/39 MP: 21/23
   688 | D        | Killed a kobold demonologist
   688 | D        | Reached ** piety under Dithmenos
   696 | D        | Noticed a demonic crawler
   696 | D        | Noticed a demonic crawler
   696 | D        | Noticed a demonic crawler
   696 | D        | Noticed a demonic crawler
   698 | D        | Killed a demonic crawler
   698 | D        | Reached skill level 21 in Stealth
   699 | D        | Killed a demonic crawler
   701 | D        | Killed a demonic crawler
   701 | D        | Reached *** piety under Dithmenos
   701 | D        | Reached skill level 10 in Spellcasting
   702 | D        | Killed a demonic crawler
   719 | D        | Noticed a lindwurm
   723 | D        | Killed a lindwurm
   723 | D        | Reached skill level 22 in Stealth
   733 | D        | Reached **** piety under Dithmenos
   734 | D        | Reached XP level 10. HP: 44/44 MP: 25/25
   757 | D        | Reached ***** piety under Dithmenos
   758 | D        | Reached skill level 10 in Short Blades
   760 | D        | Reached skill level 15 in Hexes
   943 | D        | Killed a gargoyle
  1334 | D        | Noticed a 12-headed hydra
  1336 | D        | Killed a 12-headed hydra
  1336 | D        | Reached skill level 23 in Stealth
  1383 | D        | Noticed a centaur warrior
  1384 | D        | Noticed a centaur warrior
  1386 | D        | Killed a centaur warrior
  1387 | D        | Killed a centaur warrior
  1420 | D        | Noticed an oklob plant
  1422 | D        | Killed an oklob plant
  1422 | D        | Reached ****** piety under Dithmenos
  1422 | D        | Reached skill level 24 in Stealth
  1422 | D        | Reached XP level 11. HP: 47/47 MP: 28/28
  1456 | D        | Noticed an unseen horror
  1456 | D        | Noticed an unseen horror
  1462 | D        | Killed an unseen horror
  1464 | D        | Killed an unseen horror
  1581 | D        | Found Foma's Jewellery Shoppe.
  1581 | D        | Found Ebla Noo's Magic Scroll Shop.
  1581 | D        | Found Soxufat's General Store.
  1583 | D        | Found Qecladam's Book Emporium.
  1583 | D        | Found Xuweimee's Armour Shop.
  1583 | D        | Found Bisux's Book Shoppe.
  1583 | D        | Found Ypoj's Gadget Boutique.
  1583 | D        | Found Ilye's Food Emporium.
  1583 | D        | Found Mikluhen's Distillery.
  1583 | D        | Found Bievvar's Antique Weapon Shoppe.
  1585 | D        | Found Zeweywie's Gadget Boutique.
  1586 | D        | Found Suky's Magic Scroll Emporium.
  1586 | D        | Found Aclygu's Armour Boutique.
  1587 | D        | Found Mupoto's Book Emporium.
  1588 | D        | Bought a book of Minor Magic for 240 gold pieces
  1655 | D        | Bought a scroll of acquirement for 676 gold pieces
  1656 | D        | Identified the Volume of Fetching Stones (You acquired it
                  | in the Dungeon)
  1661 | D        | Learned a level 2 spell: Blink
  1664 | D        | Learned a level 2 spell: Call Imp
  1664 | D        | Bought a scroll of blinking for 97 gold pieces
  1674 | D        | Bought a scroll of blinking for 97 gold pieces
  1674 | D        | Bought a scroll of blinking for 97 gold pieces
  1732 | D        | Noticed a daeva
  1736 | D        | Noticed an unseen horror
  1736 | D        | Noticed an unseen horror
  1736 | D        | Noticed an unseen horror
  1736 | D        | Noticed an unseen horror
  1738 | D        | Killed an unseen horror
  1739 | D        | Noticed an unseen horror
  1740 | D        | Killed an unseen horror
  1740 | D        | Reached skill level 25 in Stealth
  1741 | D        | Killed an unseen horror
  1743 | D        | Killed an unseen horror
  1745 | D        | Killed an unseen horror
  1749 | D        | Noticed a fire giant
  1752 | D        | Noticed a fire giant
  1753 | D        | Noticed a fire giant
  1753 | D        | Noticed a fire giant
  1808 | D        | HP: 1/47 [fire giant/+1 great sword of flaming (16)]
  1808 | D        | Slain by a fire giant

Levels and vault maps discovered:
D:        dungeon_sprint_1 [red_sonja_temple_1, red_sonja_temple_small_1]

Skill      XL: |  1  2  3  4  5  6  7  8  9 10 11 |
---------------+----------------------------------+-----
Stealth        | 10 14 18 19 20 22 24 25 | 25.5
Spellcasting   | 7 8 9 10 12 13 | 13.5
Hexes          | 10 11 12 14 16 18 | 18.1
Short Blades   | 6 7 9 11 12 | 12.3
Dodging        | |  3.0

Action                   |  1- 3 |  4- 6 |  7- 9 | 10-12 || total
-------------------------+-------+-------+-------+-------++-------
Melee: Dagger            |     7 |     5 |    12 |    76 ||   100
 Cast: Confuse           |       |     1 |       |     3 ||     4
  Use: Potion            |     1 |       |       |     2 ||     3
       Scroll            |       |       |       |     2 ||     2
 Stab: Sleeping          |     2 |     3 |    12 |    26 ||    43
       Confused          |       |     1 |       |     1 ||     2
       Invisible         |       |       |       |     4 ||     4
       Distracted        |       |       |       |     2 ||     2
Armor: Robe              |       |       |       |     1 ||     1
Dodge: Dodged            |     3 |     4 |       |    28 ||    35
